 Dungeon Crawl Stone Soup version 0.17-a0-1475-g9f81d98 (webtiles) character file.

10903 HEYYEYAAE the Zephyrmancer (level 12, -5/89 HPs)
             Began as a Human Air Elementalist on July 2, 2015.
             Was a High Priest of Vehumet.
             Killed from afar by a deep elf knight (15 damage)
             ... with a stone arrow
             ... on level 1 of the Elven Halls.
             The game lasted 00:40:12 (15622 turns).

HEYYEYAAE the Zephyrmancer (HuAE)                  Turns: 15622, Time: 00:40:12

Health: -5/89      AC: 14    Str: 10    XL:     12   Next: 1%
Magic:  5/24       EV: 14    Int: 20    God:    Vehumet [*****.]
Gold:   1358       SH:  0    Dex: 15    Spells: 6 memorised, 13 levels left

rFire  + . .     SeeInvis .     B - +3 trident (protect)
rCold  . . .     Clarity  +     a - +2 ring mail of Makhleb's Hatred {+Inv rF+ Dex+2}
rNeg   . . .     SustAt   .     (no shield)
rPois  +         Gourm    .     (no helmet)
rElec  .         Spirit   .     (no cloak)
rCorr  .         Warding  .     (no gloves)
rMut   .         Stasis   .     k - +0 pair of boots
MR     .....                    l - amulet of clarity
Stlth  +.........               (no ring)
                                p - ring of poison resistance

@: about to teleport, drained, not resistant to hostile enchantments, very
unstealthy
A: no striking features
a: Renounce Religion, Evoke Invisibility


You were on level 1 of the Elven Halls.
You worshipped Vehumet.
Vehumet was extremely pleased with you.
You were not hungry.

You visited 4 branches of the dungeon, and saw 15 of its levels.

You collected 1358 gold pieces.

Inventory:

Hand weapons
 e - a +0 dagger of venom
 i - a +1 spear of venom
 B - a +3 trident of protection (weapon)
Armour
 a - the +2 ring mail of Makhleb's Hatred (worn) {+Inv rF+ Dex+2}
   (You found it on level 7 of the Dungeon)

   It affects your dexterity (+2).
   It protects you from fire.
   It lets you turn invisible.
 f - a +2 leather armour of fire resistance
 g - a +4 ring mail
 k - a +0 pair of boots (worn)
 m - a +0 robe of cold resistance
 J - the +1 leather armour "Kutyesmi" {*Drain rPois Dex+3}
   (You found it on level 9 of the Dungeon)

   It affects your dexterity (+3).
   It protects you from poison.
   It causes draining when unequipped.
Rods
 w - a +3 rod of destruction (11/11)
   (You found it on level 6 of the Dungeon)
Jewellery
 l - an amulet of clarity (around neck)
 p - a ring of poison resistance (left hand)
 z - an uncursed ring of fire
Magical devices
 d - a wand of digging (2)
 t - a wand of slowing (14)
 E - a wand of frost (9)
 I - a wand of teleportation (1)
Scrolls
 h - 2 scrolls of fog
 r - a scroll of amnesia {unknown}
 s - 3 scrolls of immolation
 x - a scroll of fear {unknown}
 y - 2 scrolls of random uselessness {unknown}
 C - a scroll of blinking {unknown}
Potions
 q - a potion of agility
 u - a potion of heal wounds {unknown}
 D - a potion of ambrosia {unknown}
Books
 b - a book of Air

   Spells                             Type                      Level
   a - Shock                          Conjuration/Air              1
   b - Swiftness                      Charms/Air                   2
   c - Repel Missiles                 Charms/Air                   2
   d - Static Discharge               Conjuration/Air              3
   e - Lightning Bolt                 Conjuration/Air              5
Comestibles
 c - 5 bread rations
 j - 7 meat rations


   Skills:
 + Level 6.7(6.4) Fighting
 + Level 6.6(6.3) Armour
 + Level 7.4(7.1) Dodging
 - Level 2.0(1.7) Stealth
 + Level 8.8(8.4) Spellcasting
 - Level 1.0(0.7) Conjurations
 * Level 10.4(10.1) Air Magic
 + Level 1.7(1.4) Evocations


You had 13 spell levels left.
You knew the following spells:

 Your Spells              Type           Power        Failure   Level  Hunger
a - Shock                 Conj/Air       ####         1%          1    None
b - Static Discharge      Conj/Air       ####....     2%          3    None
c - Repel Missiles        Chrm/Air       ####..       3%          2    None
d - Lightning Bolt        Conj/Air       ####......   19%         5    #####..
e - Flame Tongue          Conj/Fire      ##...        4%          1    None
f - Mephitic Cloud        Conj/Pois/Air  ###.....     4%          3    None


Dungeon Overview and Level Annotations

Branches:
Dungeon (9/15)             Temple (1/1) D:6             Orc (4/4) D:9
    Elf (1/3) Orc:4
   Lair: D:8-11

Altars:
Ashenzari
Cheibriados
Elyvilon
Fedhas
Gozag
Kikubaaqudgha
Makhleb
Nemelex Xobeh
Okawaru
Qazlal
Sif Muna
Vehumet
Yredelemnul
Zin

Annotations:
Orc:2 Maud


Message History

Press: ? - help, Shift-Dir - straight line, f - you You feel strangely unstable.
This wand has 1 charge left.
Something hits you but does no damage.
The deep elf knight hits you with an uncursed short sword!
* * * LOW HITPOINT WARNING * * *
Unknown command.
Unknown command.
Unknown command.
Unknown command.
Drink which item? (? for menu, Esc to quit)
You feel better. Something hits you!
* * * LOW HITPOINT WARNING * * *
The deep elf knight gestures at you while chanting.
The stone arrow misses you. Something hits you.
* * * LOW HITPOINT WARNING * * *
The deep elf knight hits you but does no damage.
Unknown command.
The deep elf knight gestures at you while chanting.
The stone arrow hits you!
You die...

#.....#
##.......#
#+.........
#..........
###....(.....
.'......=...
#..........
#.@........
##..ee.....
##'{...>$.#
##.##.....##
##)## #'####
####(## .#
##.#'## .#
##...## #
##.....##


You could see a deep elf knight and a deep elf mage.

Vanquished Creatures
  Erolcha (D:8)
  An orc high priest (Orc:4)
  Pikel (D:9)
  An orc knight (Orc:2)
  An orc sorcerer (Orc:2)
  A troll (Orc:3)
  A wraith (D:7)
  4 yaks (D:9)
  A deep elf fighter (Orc:4)
  5 deep elf magi
  A hungry ghost (D:9)
  Edmund (D:4)
  3 wargs (Orc:4)
  A phantom (D:6)
  A wasp (D:9)
  12 orc warriors
  5 ogres
  5 ice beasts
  2 centaurs
  3 slaves (D:9)
  3 elf zombies (D:7)
  A big kobold (D:7)
  2 giant frogs
  A crocodile (D:9)
  An elf skeleton (D:7)
  4 scorpions
  2 electric eels (D:8)
  A wight (D:7)
  A jelly (D:8)
  22 orc priests
  6 crimson imps
  An iguana (D:8)
  A giant frog skeleton (D:5)
  2 centaur zombies
  6 human zombies (D:7)
  22 orc wizards
  4 hounds
  9 worker ants
  A hound zombie (D:5)
  A hound skeleton (D:5)
  10 gnolls
  10 adders
  A shadow imp (D:7)
  An adder skeleton (D:9)
  2 worms
  7 giant geckos
  142 orcs
  8 giant cockroaches
  28 goblins
  17 hobgoblins
  5 jackals
  11 bats
  5 giant newts
  2 gnoll zombies (D:4)
  19 kobolds
  3 quokkas
  16 rats
429 creatures vanquished.

Vanquished Creatures (others)
  2 fungi
2 creatures vanquished.

Grand Total: 431 creatures vanquished

Notes
Turn   | Place    | Note
--------------------------------------------------------------
     0 | D:1      | HEYYEYAAE the Human Air Elementalist began the quest for the Orb.
     0 | D:1      | Reached XP level 1. HP: 13/13 MP: 3/3
   474 | D:1      | Reached XP level 2. HP: 20/20 MP: 5/5
   892 | D:1      | Reached XP level 3. HP: 17/25 MP: 1/6
  1120 | D:2      | Reached skill level 1 in Fighting
  1281 | D:2      | Found a snail-covered altar of Cheibriados.
  1569 | D:2      | Reached XP level 4. HP: 17/32 MP: 1/8
  1616 | D:2      | Learned a level 3 spell: Static Discharge
  1619 | D:2      | Learned a level 2 spell: Repel Missiles
  2756 | D:3      | Reached XP level 5. HP: 27/37 MP: 3/9
  2858 | D:3      | Reached skill level 1 in Armour
  2858 | D:3      | Reached skill level 4 in Air Magic
  2996 | D:3      | Found a sparkling altar of Nemelex Xobeh.
  3114 | D:3      | Noticed an ice beast
  3135 | D:3      | Killed an ice beast
  3135 | D:3      | Reached XP level 6. HP: 5/44 MP: 4/11
  3714 | D:4      | Reached XP level 7. HP: 40/50 MP: 6/12
  3776 | D:4      | HP: 2/50 [poisoned by a worker ant]
  4090 | D:4      | Noticed Edmund
  4115 | D:4      | Killed Edmund
  4115 | D:4      | Reached skill level 5 in Air Magic
  4604 | D:4      | Learned a level 5 spell: Lightning Bolt
  4728 | D:4      | Found a basalt altar of Yredelemnul.
  4897 | D:4      | Reached XP level 8. HP: 55/57 MP: 3/14
  5284 | D:5      | Entered Level 5 of the Dungeon
  5882 | D:5      | Reached skill level 6 in Air Magic
  6134 | D:5      | Found a deep blue altar of Sif Muna.
  6241 | D:5      | Reached skill level 5 in Spellcasting
  6741 | D:6      | Reached XP level 9. HP: 36/65 MP: 1/16
  7220 | D:6      | Found a staircase to the Ecumenical Temple.
  7253 | D:6      | Reached skill level 7 in Air Magic
  7282 | Temple   | Entered the Ecumenical Temple
  7331 | Temple   | Became a worshipper of Vehumet
  8078 | D:7      | Found a blossoming altar of Fedhas.
  8120 | D:7      | Reached skill level 5 in Dodging
  8189 | D:7      | Acquired Vehumet's first power
  8189 | D:7      | Offered knowledge of Magic Dart by Vehumet.
  8380 | D:7      | Found an iron altar of Okawaru.
  8596 | D:7      | Reached XP level 10. HP: 56/73 MP: 19/19
  8793 | D:7      | Found an ancient bone altar of Kikubaaqudgha.
  8976 | D:7      | Reached skill level 8 in Air Magic
  9126 | D:7      | Reached skill level 5 in Fighting
  9344 | D:7      | Found a white marble altar of Elyvilon.
  9397 | D:7      | Got a steaming ring mail
  9408 | D:7      | Identified the +2 ring mail of Makhleb's Hatred {+Inv rF+ Dex+2} (You found it on level 7 of the Dungeon)
  9882 | D:8      | Offered knowledge of Flame Tongue by Vehumet.
  9885 | D:8      | Learned a level 1 spell: Flame Tongue
  9926 | D:8      | Found an opulent altar of Gozag.
  9972 | D:8      | Noticed Erolcha
  9986 | D:8      | Killed Erolcha
  9986 | D:8      | Reached skill level 5 in Armour
 10553 | D:9      | Noticed Pikel
 10695 | D:9      | Killed Pikel
 10695 | D:9      | Reached skill level 9 in Air Magic
 10718 | D:9      | Found a shattered altar of Ashenzari.
 10752 | D:9      | Reached XP level 11. HP: 81/81 MP: 15/22
 10889 | D:9      | Found a glowing silver altar of Zin.
 11110 | D:9      | Got a jewelled leather armour
 11121 | D:9      | Identified the +1 leather armour "Kutyesmi" {*Drain rPois Dex+3} (You found it on level 9 of the Dungeon)
 11182 | D:9      | Found a staircase to the Orcish Mines.
 11476 | Orc:1    | Entered Level 1 of the Orcish Mines
 11481 | Orc:1    | Offered knowledge of Stone Arrow by Vehumet.
 11686 | Orc:1    | Acquired Vehumet's second power
 11989 | Orc:1    | Offered knowledge of Mephitic Cloud by Vehumet.
 12346 | Orc:1    | Learned a level 3 spell: Mephitic Cloud
 12411 | Orc:2    | Noticed an orc sorcerer
 12413 | Orc:2    | Noticed an orc knight
 12439 | Orc:2    | Killed an orc sorcerer
 12439 | Orc:2    | Acquired Vehumet's third power
 12712 | Orc:2    | Killed an orc knight
 12958 | Orc:3    | Offered knowledge of Iskenderun's Battlesphere by Vehumet.
 12972 | Orc:3    | Reached skill level 10 in Air Magic
 13717 | Orc:4    | Entered Level 4 of the Orcish Mines
 13767 | Orc:2    | Noticed Maud
 14285 | Orc:2    | Offered knowledge of Force Lance by Vehumet.
 14863 | Orc:4    | Noticed an orc high priest
 14863 | Orc:4    | Noticed an orc high priest
 14864 | Orc:4    | Killed an orc high priest
 14866 | Orc:4    | Reached skill level 1 in Evocations
 15246 | Orc:4    | Found a staircase to the Elven Halls.
 15273 | Orc:4    | Noticed an orc high priest
 15285 | Elf:1    | Entered Level 1 of the Elven Halls
 15285 | Elf:1    | Noticed a deep elf knight
 15285 | Elf:1    | Noticed a deep elf conjurer
 15591 | Elf:1    | Noticed a deep elf demonologist
 15591 | Elf:1    | Noticed a deep elf knight
 15593 | Elf:1    | Noticed a deep elf knight
 15607 | Elf:1    | Reached XP level 12. HP: 55/89 MP: 5/24
 15618 | Elf:1    | Found a radiant altar of Vehumet.
 15619 | Elf:1    | Noticed a deep elf knight
 15622 | Elf:1    | Killed from afar by a deep elf knight

Vault maps used:
D:1:      minmay_arrival_stone_box
D:2:      lemuel_crystal_altar
D:3:      first_bread, nemelex_altar_shiori
D:4:      lemuel_zombie_altar_yredelemnul, uniq_edmund
D:5:      kennysheep_little_box
D:6:      temple_fountains
D:7:      okawaru_metal_pillars_1_2, lemuel_mausoleum_altar_kikubaaqudgha,
          fedhas_altar_3, lemuel_doored_altar
D:8:      statuecave_lemuel, nicolae_gozag_cash_rules_everything_around_me,
          uniq_erolcha
D:9:      nicolae_overflow_crystal_walls, overflow_temple_1_default,
          orc_0_dummy, uniq_pikel
Temple:   minmay_temple_curvy_8
Orc:2:    uniq_maud
Orc:3:    nicolae_orc_pool_cavern
Orc:4:    st_orc_town
Elf:1:    eino_elf_arrival_altar, serial_shops, shop, minmay_elf_crystal_hexagon

Action                   |  1- 3 |  4- 6 |  7- 9 | 10-12 || total
-------------------------+-------+-------+-------+-------++-------
Melee: Dagger            |   131 |    74 |       |       ||   205
       Spear             |       |    23 |    42 |       ||    65
       Flail             |       |       |    57 |       ||    57
       Trident           |       |       |    50 |   179 ||   229
 Cast: Shock             |    44 |   102 |   360 |   513 ||  1019
       Repel Missiles    |       |     1 |       |       ||     1
       Static Discharge  |       |     1 |    13 |    63 ||    77
       Lightning Bolt    |       |       |       |    17 ||    17
       Mephitic Cloud    |       |       |       |     3 ||     3
 Abil: Evoke Invisibilit |       |       |       |     1 ||     1
Evoke: Wand              |       |       |       |    16 ||    16
  Use: Scroll            |       |     4 |     6 |     6 ||    16
       Potion            |       |     2 |     1 |     6 ||     9
 Stab: Sleeping          |     1 |       |       |     1 ||     2
  Eat: Chunk             |     3 |     7 |    14 |    17 ||    41
       Pizza             |       |       |     1 |     1 ||     2
       Beef jerky        |       |       |       |     1 ||     1
       Bread ration      |       |       |       |     2 ||     2
